 Dungeon Crawl Stone Soup version 0.29-a0-121-g8efb068a30 (webtiles) character file.

Game seed: 16530443056583097719

30 Gargoyl the Skirmisher (level 3, -2/24 HPs)
             Began as a Gargoyle Abyssal Knight on Feb 20, 2022.
             Was a Follower of Lugonu.
             Slain by Sigmund (4 damage)
             ... on level 2 of the Dungeon.
             The game lasted 00:01:37 (1365 turns).

Gargoyl the Skirmisher (Gargoyle Abyssal Knight)    Turns: 1365, Time: 00:01:38

Health: -2/24      AC: 14    Str: 18    XL:     3   Next: 20%
Magic:  4/4        EV:  5    Int: 10    God:    Lugonu [*.....]
Gold:   44         SH:  0    Dex: 10    Spells: 2/2 levels left

rFire   . . .      SeeInvis .   a - +1 hand axe
rCold   . . .      Faith    .   (no shield)
rNeg    + . .      Spirit   .   d - +0 plate armour
rPois   ∞          Reflect  .   (no helmet)
rElec   +          Harm     .   (no cloak)
rCorr   .          Rampage  .   (no gloves)
Will    .....                   (no boots)
Stlth   ..........              h - amulet of the acrobat
HPRegen 0.08/turn               (no ring)
MPRegen 0.09/turn               (no ring)

@: no status effects
A: sickness immunity, AC +3, negative energy resistance 1, electricity
resistance, torment resistance 1, petrification resistance
a: Renounce Religion, Depart the Abyss


You were on level 2 of the Dungeon.
You worshipped Lugonu.
Lugonu was aware of your devotion.
You visited 1 branch of the dungeon, and saw 2 of its levels.
You visited the Abyss 1 time.

You collected 44 gold pieces.

Inventory:

Hand Weapons
 a - a +1 hand axe (weapon)
Armour
 d - a +0 plate armour (worn)
Jewellery
 h - an amulet of the acrobat (around neck)
Scrolls
 b - 2 scrolls of identify
 c - a scroll of torment
 e - 2 scrolls of immolation {unknown}
 f - a scroll of fear {unknown}
Potions
 g - a potion of cancellation


   Skills:
 + Level 3.8 Fighting
 + Level 2.4 Axes
 + Level 2.6 Armour
 + Level 0.8 Dodging
 + Level 2.0 Invocations


You had 2 spell levels left.
You didn't know any spells.
Your spell library was empty.

Dungeon Overview and Level Annotations

Branches:
Dungeon (2/15)

Altars:

Annotations:
D:2 Sigmund


Innate Abilities, Weirdness & Mutations

You are immune to sickness and miasma.
Your stone body is resilient. (AC +3)
You are immune to poison.
You resist negative energy. (rN+)
You are resistant to electric shocks. (rElec)
You are resistant to unholy torment.
You are immune to petrification.


Message History

a +0 whip; 5 stones Sigmund casts a spell at you.
The puff of flame hits you.
You barely miss Sigmund. Sigmund barely misses you.
You hit Sigmund but do no damage. Sigmund barely misses you.
You slash Sigmund!
Sigmund is moderately wounded.
You hit Sigmund but do no damage.
Sigmund is moderately wounded.
Sigmund hits you with a +0 scythe!
You hit Sigmund.
Sigmund is moderately wounded.
Sigmund hits you with a +0 scythe.
It was a potion of cancellation.
You feel magically purged. Sigmund gestures at you while chanting.
You are confused.
Sigmund barely misses you.
You barely miss Sigmund.
Sigmund is moderately wounded.
Sigmund gestures at you while chanting.
The puff of flame hits you but does no damage.
Sigmund hits you but does no damage.
You barely miss Sigmund.
Sigmund is moderately wounded.
Sigmund hits you with a +0 scythe!
* * * LOW HITPOINT WARNING * * *
Unknown command.
Sigmund misses you.
Unknown command.
You feel less confused.
You see here a +0 dagger.
Okay, then.
As you read the scroll labelled CYBRAM KASTUOP, it crumbles to dust.
It is a scroll of identify.
c - 2 scrolls of torment Really read the scroll of torment?
As you read the scroll of torment, it crumbles to dust.
You feel a surge of unholy energy.
Sigmund convulses!
Sigmund hits you from afar with a +0 scythe.
You die...

###########
#.<.......# ##
#.........#### ...
###............. ...#
####...........# ##..#
.....#....<.)..###...#
###.................#
......[.............##
#......).....)@.@....#
#....................#
..........#..........#
..........#..........#
#.........#..........#
#...................##
#.........#..........#
#.!.......#...........
.. #..........


You could see Sigmund.

Vanquished Creatures
  An endoplasm (D:1)
  A giant cockroach (D:1)
  2 goblins (D:1)
  A hobgoblin (D:1)
  4 jackals (D:1)
  2 quokkas (D:1)
  5 ball pythons (D:1)
  3 bats (D:1)
  A frilled lizard (D:1)
  5 kobolds
  2 rats (D:1)
27 creatures vanquished.

Notes
Turn   | Place    | Note
-------+----------+-------------------------------------------
     0 | Abyss:1  | Gargoyl the Gargoyle Abyssal Knight began the quest for the
                  | Orb.
     0 | Abyss:1  | Reached XP level 1. HP: 14/14 MP: 2/2
     8 | D:1      | Escaped the Abyss
   395 | D:1      | Reached * piety under Lugonu
   396 | D:1      | Reached XP level 2. HP: 16/19 MP: 3/3
   587 | D:1      | Found a faded altar of an unknown god.
   958 | D:1      | Reached XP level 3. HP: 18/24 MP: 4/4
  1255 | D:2      | Noticed Sigmund
  1365 | D:2      | Slain by Sigmund

Illustrated notes

Levels and vault maps discovered:
D:1:      noname_arrival_rooms_in_the_neighbourhood, layout_basic,
          basic_ecumenical_altar, serial_park_tiny_1, minmay_misc_feat_plants,
          chequers_avenue
D:2:      layout_rooms, kennysheep_minor_cross, uniq_sigmund

Skill      XL: |  1 |
---------------+----+-----
Axes           | 2 |  2.4
Fighting       | |  3.8
Armour         | |  2.6
Dodging        | |  0.8
Invocations    | |  2.0

Action                   || total
-------------------------++-------
Melee: Hand axe          ||    86
       Punch             ||     2
Invok: Depart the Abyss  ||     1
  Use: Scroll            ||     2
       Potion            ||     1
Armor: Plate armour      ||    72
       Leather armour    ||     6
Dodge: Dodged            ||    49

Table legend: (Time is in decaauts)
 A = Elapsed time spent in this place.
 B = Non-inter-level travel time spent in this place.
 C = Inter-level travel time spent in this place.
 D = Time resting spent in this place.
 E = Time spent auto-exploring this place.
 F = Levels seen in this place.
 G = Mean time per level.
                   A        B        C        D        E       F      G
               +--------+--------+--------+--------+--------+-----+--------+
         Total |   1383 |   1348 |     35 |     48 |   1013 |   3 |  461.0 |
       Dungeon |   1375 |   1340 |     35 |     48 |   1006 |   2 |  687.5 |
         Abyss |      8 |      8 |      0 |      0 |      7 |   1 |    8.0 |
               +--------+--------+--------+--------+--------+-----+--------+

Top non-repeatable levels by time:
     D:1: 1323 daAuts
     D:2: 51 daAuts
 Abyss:1: 8 daAuts
